 Dungeon Crawl Stone Soup version 0.27-a0-1273-gec92ba881d (webtiles) character file.

Game seed: 2171927568110960133

1439 freelancePsychic the Chiller (level 8, -3/63 HPs)
             Began as a Demonspawn Wanderer on June 11, 2021.
             Was an Elder of Vehumet.
             Slain by a black bear (4 damage)
             ... on level 6 of the Dungeon.
             The game lasted 00:14:07 (6920 turns).

freelancePsychic the Chiller (Demonspawn Wanderer)  Turns: 6920, Time: 00:14:08

Health: -3/63      AC:  5    Str: 11    XL:     8   Next: 45%
Magic:  8/14       EV: 13    Int: 16    God:    Vehumet [****..]
Gold:   359        SH:  0    Dex: 16    Spells: 11/15 levels left

rFire    . . .     SeeInvis .   h - +0 whip (elec)
rCold    . . .     Faith    .   (no shield)
rNeg     . . .     Spirit   .   m - +0 leather armour
rPois    .         Reflect  .   (no helmet)
rElec    .         Harm     .   (no cloak)
rCorr    .         Rampage  .   l - +1 pair of gloves
Will     .....                  (no boots)
Stlth    ++........             s - amulet of the acrobat
HPRegen  0.20/turn              i - ring of flight
MPRegen  0.14/turn              (no ring)

@: freezing walls, flying, studying Unarmed Combat
A: hooves 2, thin skeletal structure 1, foul stench 2, demonic magic 2
a: Renounce Religion


You were on level 6 of the Dungeon.
You worshipped Vehumet.
Vehumet was greatly pleased with you.
You visited 1 branch of the dungeon, and saw 6 of its levels.
You also visited: Ossuary.

You collected 359 gold pieces.

Inventory:

Hand Weapons
 h - a +0 whip of electrocution (weapon)
Missiles
 a - 5 curare-tipped darts
Armour
 c - a +0 ring mail
 l - a +1 pair of gloves (worn)
 m - a +0 leather armour (worn)
 r - a scarf of resistance
Jewellery
 i - a ring of flight (left hand)
 s - an amulet of the acrobat (around neck)
Wands
 b - a wand of flame (4)
 t - a wand of polymorph (7)
Scrolls
 f - 2 scrolls of teleportation {@r4}
 k - a scroll of fog {unknown}
 n - a scroll of enchant weapon {unknown}
 o - 2 scrolls of identify {@r1}
 p - a scroll of amnesia {unknown}
 q - a scroll of blinking
 u - a scroll of vulnerability {unknown}
Potions
 d - 2 potions of heal wounds {@q2}
 e - a potion of degeneration {unknown}
 g - 5 potions of haste {unknown}
 j - a potion of lignification {unknown}


   Skills:
 + Level 5.4 Fighting
 - Level 1.7 Axes
 - Level 1.0 Throwing
 - Level 3.6 Armour
 + Level 4.0 Dodging
 + Level 4.3 Spellcasting
 - Level 5.4 Ice Magic
 - Level 1.0 Evocations


You had 11 spell levels left.
You knew the following spells:

 Your Spells              Type           Power      Damage    Failure   Level
a - Freeze                Ice            80%        1d9       1%          1
b - Frozen Ramparts       Ice            40%        1d6       1%          3

Your spell library contained the following spells:

 Spells                   Type           Power      Damage    Failure   Level
 Fulminant Prism          Conj/Hex       1%         3d6       45%         4
 Shock                    Conj/Air       12%        1d3       5%          1
 Ozocubu's Armour         Ice            20%        N/A       7%          3
 Static Discharge         Conj/Air       3%         N/A       9%          2
 Hailstorm                Conj/Ice       12%        3d5       17%         4
 Animate Skeleton         Necr           6%         N/A       21%         1
 Pain                     Necr           12%        1d4       21%         1
 Airstrike                Air            1%         N/A       45%         4
 Swiftness                Air            3%         N/A       52%         3
 Vampiric Draining        Necr           1%         2d6       52%         3
 Lightning Bolt           Conj/Air       1%         1d12      78%         5
 Metabolic Englaciation   Hex/Ice        6%         N/A       88%         5
 Animate Dead             Necr           1%         N/A       90%         4
 Agony                    Necr           3%         N/A       99%         5


Dungeon Overview and Level Annotations

Branches:
Dungeon (6/15)             Temple (0/1) D:4         Ossuary (visited)

Altars:
Nemelex Xobeh
Trog
Uskayaw
Vehumet

Shops:
D:5 *


Innate Abilities, Weirdness & Mutations

You have hoof-like feet.
You have a somewhat thin skeletal structure. (Dex +2, Stealth+)
You sometimes emit foul miasma when damaged in melee.
Spells you cast may paralyse nearby enemies.


Message History

Press: ? - help, Dir - look around, f - activate A stone staircase leading up.
The walls around you are covered in ice.
Malevolent energies surge around you.
The wall freezes the two-headed ogre.
You freeze the two-headed ogre.
The two-headed ogre is moderately wounded.
Malevolent energies surge around you.
The wall freezes the two-headed ogre.
The two-headed ogre closely misses you. The two-headed ogre misses you.
The wall freezes the black bear.
Casting: Freeze (safe; 1% risk of failure)
Confirm with . or Enter, or press ? or * to list all spells.
Aiming: Freeze (safe; 1% risk of failure)
Press: ? - help, Shift-Dir - straight line, f/p - two-headed ogre
Aim: a two-headed ogre, wielding two +0 giant clubs (moderately wounded)
You freeze the two-headed ogre.
The two-headed ogre is moderately wounded.
Malevolent energies surge around you.
The black bear suddenly stops moving!
Casting: Freeze (safe; 1% risk of failure)
Confirm with . or Enter, or press ? or * to list all spells.
Aiming: Freeze (safe; 1% risk of failure)
Press: ? - help, Shift-Dir - straight line, f/p - two-headed ogre
Aim: a two-headed ogre, wielding two +0 giant clubs (moderately wounded)
You freeze the two-headed ogre.
The two-headed ogre is heavily wounded.
Malevolent energies surge around you.
The wall freezes the two-headed ogre.
The two-headed ogre hits you with a +0 giant club!!
Ouch! That really hurt!
The two-headed ogre completely misses you.
The wall freezes the black bear.
Your frozen ramparts will break if you move.
Continue?
The black bear is no longer paralysed.
The wall freezes the black bear.
The wall freezes the two-headed ogre.
The two-headed ogre hits you with a +0 giant club!!
* * * LOW HITPOINT WARNING * * *
The two-headed ogre barely misses you. The black bear bites you.
* * * LOW HITPOINT WARNING * * *
You emit a cloud of foul miasma!
The black bear claws you but does no damage.
The black bear claws you.
You die...

#..... ##.... ##
##.... ..# ##....#
..### ..#.....#
..>... #......##
......
##......####......
#......O........#
#......h@)......#
#........)).......
..####.............
## ###...........
##..........
##.........#
##...........
#..#.....####
####.#####


You could see a two-headed ogre and a black bear.

Vanquished Creatures
  A water moccasin (D:5)
  2 black bears (D:5)
  3 ogres (D:5)
  An elf zombie (Ossuary)
  A phantom (D:4)
  2 scorpions
  A killer bee (D:5)
  A hound (D:4)
  An orc priest (D:5)
  A centaur skeleton (D:5)
  A human zombie (Ossuary)
  2 iguanas
  Ijyb (D:5)
  An orc wizard (D:6)
  A scorpion zombie (D:5)
  2 hound zombies
  4 mummies (Ossuary)
  6 gnolls
  7 adders
  A white imp (D:5)
  3 ufetubi (D:5)
  2 adder zombies (Ossuary)
  3 worms
  An adder skeleton (D:4)
  9 orcs
  13 ball pythons
  7 endoplasms
  4 giant cockroaches
  9 goblins
  9 hobgoblins
  6 jackals
  6 kobolds
  3 quokkas
  5 bats
  4 frilled lizards
  3 goblin zombies (Ossuary)
  A hobgoblin zombie (Ossuary)
  2 jackal zombies (Ossuary)
  A kobold zombie (Ossuary)
  A quokka zombie (D:4)
  6 rats
  A rat zombie (D:4)
139 creatures vanquished.

Notes
Turn   | Place    | Note
-------+----------+-------------------------------------------
     0 | D:1      | freelancePsychic the Demonspawn Wanderer began the quest
                  | for the Orb.
     0 | D:1      | freelancePsychic set off with the following items: a +0
                  | hand axe, a wand of flame (15), a +0 ring mail
     0 | D:1      | Reached XP level 1. HP: 16/16 MP: 1/1
   403 | D:1      | Reached skill level 1 in Dodging
   403 | D:1      | Gained mutation: Spells you cast may paralyse adjacent
                  | enemies. [demonic ancestry]
   403 | D:1      | Reached XP level 2. HP: 23/23 MP: 2/2
   559 | D:1      | Found a faded altar of an unknown god.
   750 | D:1      | Became a worshipper of Vehumet
   750 | D:1      | Reached * piety under Vehumet
   750 | D:1      | Offered knowledge of Freeze by Vehumet.
   753 | D:1      | Learned a level 1 spell: Freeze
  1309 | D:2      | Reached skill level 1 in Ice Magic
  1309 | D:2      | Gained mutation: You may rarely emit foul miasma when
                  | damaged in melee. [demonic ancestry]
  1309 | D:2      | Reached XP level 3. HP: 28/28 MP: 3/3
  2408 | D:2      | Reached ** piety under Vehumet
  2408 | D:2      | Offered knowledge of Sandblast by Vehumet.
  2482 | D:2      | Gained mutation: You have large cloven feet. [demonic
                  | ancestry]
  2482 | D:2      | Reached XP level 4. HP: 34/35 MP: 4/4
  3408 | D:4      | Identified a scroll of acquirement
  3408 | D:4      | Acquired a book of Frost
  3412 | D:4      | Found a bloodstained altar of Trog.
  3517 | D:4      | Found a sand-covered staircase.
  3526 | Ossuary  | Entered an ossuary
  3563 | Ossuary  | Gained mutation: Spells you cast may paralyse nearby
                  | enemies. [demonic ancestry]
  3563 | Ossuary  | Reached XP level 5. HP: 9/41 MP: 3/5
  3567 | Ossuary  | HP: 2/41 [jackal zombie (2)]
  3572 | Ossuary  | Offered knowledge of Dazzling Flash by Vehumet.
  3827 | Ossuary  | Learned a level 3 spell: Frozen Ramparts
  4076 | Ossuary  | Gained mutation: You have hoof-like feet. [demonic
                  | ancestry]
  4076 | Ossuary  | Reached XP level 6. HP: 47/47 MP: 2/6
  4351 | D:4      | Reached *** piety under Vehumet
  4366 | D:4      | Found a staircase to the Ecumenical Temple.
  4540 | D:4      | Reached skill level 1 in Spellcasting
  4949 | D:4      | Offered knowledge of Fulminant Prism by Vehumet.
  4950 | D:4      | Reached skill level 5 in Ice Magic
  5206 | D:4      | Gained mutation: You sometimes emit foul miasma when
                  | damaged in melee. [demonic ancestry]
  5206 | D:4      | Reached XP level 7. HP: 48/52 MP: 5/10
  5479 | D:5      | Entered Level 5 of the Dungeon
  5526 | D:5      | Found a hide-covered altar of Uskayaw.
  5716 | D:5      | Found Wosyat's Elemental Accessories.
  6066 | D:5      | Gained mutation: You have a somewhat thin skeletal
                  | structure. (Dex +2, Stealth+) [demonic ancestry]
  6066 | D:5      | Reached XP level 8. HP: 39/61 MP: 13/13
  6318 | D:5      | Noticed Ijyb
  6329 | D:5      | Killed Ijyb
  6429 | D:5      | Reached **** piety under Vehumet
  6485 | D:5      | Reached skill level 5 in Fighting
  6698 | D:5      | Found a sparkling altar of Nemelex Xobeh.
  6906 | D:6      | Noticed a two-headed ogre
  6920 | D:6      | HP: 2/63 [two-headed ogre/+0 giant club (26)]
  6920 | D:6      | Slain by a black bear

Illustrated notes

Levels and vault maps discovered:
D:1:      scummos_arrival_gate, layout_loops_corners, basic_ecumenical_altar,
          lemuel_old_faithful
D:2:      cheibrodos_old_hovel, layout_loops_corners
D:3:      layout_rooms
D:4:      layout_loops_ring, lemuel_round_altar, minmay_temple_entry_crystal_x,
          enter_ossuary_4
D:5:      layout_cave_pools, lemuel_doored_altar, lemuel_round_altar,
          nicolae_elemental_shop, minmay_strange_pillars, minmay_manual_moon,
          uniq_ijyb
D:6:      layout_layer_cave, amcnicky_altar_gilded, serial_shops, shop

Skill      XL: |  1  2  3  4  5  6  7  8 |
---------------+-------------------------+-----
Dodging        | 1 3 4 |  4.0
Ice Magic      | 1 3 4 5 |  5.4
Fighting       | 3 4 5 |  5.4
Spellcasting   | 2 3 4 |  4.3
Axes           | |  1.7
Throwing       | |  1.0
Armour         | |  3.6
Evocations     | |  1.0

Action                   |  1- 3 |  4- 6 |  7- 9 || total
-------------------------+-------+-------+-------++-------
Melee: Hand axe          |    82 |       |       ||    82
       Whip              |    49 |   164 |    72 ||   285
       Kick              |       |    42 |    16 ||    58
 Cast: Freeze            |       |    38 |    40 ||    78
       Frozen Ramparts   |       |       |     9 ||     9
Evoke: Wand              |     6 |     5 |       ||    11
  Use: Scroll            |       |     5 |       ||     5
       Potion            |       |     3 |       ||     3
 Stab: Paralysed         |       |    18 |    25 ||    43
       Sleeping          |       |     1 |     3 ||     4
Armor: Ring mail         |    60 |    17 |       ||    77
       Leather armour    |       |    89 |    23 ||   112
Dodge: Dodged            |    99 |   175 |    66 ||   340

Table legend: (Time is in decaauts)
 A = Elapsed time spent in this place.
 B = Non-inter-level travel time spent in this place.
 C = Inter-level travel time spent in this place.
 D = Time resting spent in this place.
 E = Time spent auto-exploring this place.
 F = Levels seen in this place.
 G = Mean time per level.
                   A        B        C        D        E       F      G
               +--------+--------+--------+--------+--------+-----+--------+
         Total |   6956 |   6658 |    298 |    711 |   4877 |   7 |  993.7 |
       Dungeon |   6130 |   5832 |    298 |    343 |   4591 |   6 | 1021.7 |
       Ossuary |    826 |    826 |      0 |    368 |    286 |   1 |  826.0 |
               +--------+--------+--------+--------+--------+-----+--------+

Top non-repeatable levels by time:
     D:2: 1425 daAuts
     D:5: 1386 daAuts
     D:1: 1300 daAuts
     D:4: 1254 daAuts
 Ossuary: 826 daAuts
     D:3: 706 daAuts
     D:6: 56 daAuts
